 Dungeon Crawl Stone Soup version 0.31.0-11-ge490571c62 (webtiles) character file.

Game seed: 17024425302406983140

61 hawla the Vexing (level 3, -3/16 HPs)
             Began as a Felid Enchanter on Jan 31, 2024.
             Slain by an orc
             ... wielding a +0 trident
              (6 damage)
             ... on level 3 of the Dungeon.
             The game lasted 00:03:44 (1524 turns).

hawla the Vexing (Felid Enchanter)                  Turns: 1524, Time: 00:03:44

Health: -3/16      AC:  1    Str:  6    XL:     3   Next: 83%
Magic:  7/7        EV: 17    Int: 18    God:
Gold:   62         SH:  0    Dex: 16    Spells: 6/6 levels left
                                        Lives:  0   Deaths: 1

rFire   . .          .
                       - Unarmed
rCold   . . .        (shield unavailable)
rNeg    . . .        (body armour unavailable)
rPois   .            (helmet unavailable)
rElec   .            (cloak unavailable)
rCorr   .            (gloves unavailable)
SInv    +            (boots unavailable)
Will    .....        (no amulet)
Stlth   ++           (no ring)
HPRegen 0.22/turn    (no ring)
MPRegen 0.10/turn

%: no passive effects
@: silenced
A: very small, claws 1, fangs 3, see invisible, shaggy fur 1, stealthy paws, no
weapons or thrown items, no armour, multi-lived
a: no special abilities


You were on level 3 of the Dungeon.
You visited 1 branch of the dungeon, and saw 3 of its levels.

You collected 62 gold pieces.

Inventory:

Jewellery
 f - a ring of protection from fire
Scrolls
 c - 2 scrolls of teleportation
Potions
 a - 2 potions of invisibility
 d - a potion of heal wounds
 e - a potion of enlightenment {unknown}


   Skills:
 - Level 2.8 Dodging
 - Level 4.1 Stealth
 + Level 3.4 Unarmed Combat
 - Level 2.1 Spellcasting
 - Level 4.5 Hexes


You had 6 spell levels left.
You didn't know any spells.
Your spell library contained the following spells:

 Spells                   Type           Power      Damage    Failure   Level
 Jinxbite                 Hex            36%        N/A       4%          2
 Confusing Touch          Hex            18%        N/A       9%          3
 Tukima's Dance           Hex            18%        N/A       9%          3
 Ensorcelled Hibernation  Hex/Ice        20%        N/A       11%         2
 Apportation              Tloc           2%         N/A       19%         1
 Kiss of Death            Conj/Necr      4%         2d5       19%         1
 Dazzling Flash           Conj/Hex       20%        N/A       22%         3
 Gell's Gravitas          Tloc           1%         N/A       47%         3
 Teleport Other           Tloc           1%         N/A       47%         3
 Dispel Undead            Necr           1%         3d6       87%         4
 Alistair's Intoxication  Alch           0%         N/A       99%         5
 Dispersal                Tloc           0%         N/A       100%        6


Dungeon Overview and Level Annotations

Branches:
Dungeon (3/15)

Altars:


Innate Abilities, Weirdness & Mutations

You have sharp claws.
You have razor-sharp teeth.
You have supernaturally acute eyesight. (SInv)
You are covered in fur. (AC +1)
Your paws help you pounce on unaware monsters.
You are incapable of wielding weapons or throwing items.
You cannot wear armour.
You gain extra lives every three experience levels.


Message History

You see here the felid skeleton of hawla.
Done exploring.
Done exploring.
Search for what [Enter for "tif", or ? for help]? tif What level of the Dungeon? (default 2, ? - help)
There is an open door here.
You see here the felid skeleton of hawla.
There is a stone staircase leading down here.
You climb downwards.
Found 3 large rocks.
There is a stone staircase leading up here.
A kobold is nearby!
You pounce on the unaware helpless kobold!
You mangle the kobold!!
You kill the kobold!
No target in view!
As you read the scroll labelled RIMYSA KAFOO, it crumbles to dust.
A profound silence engulfs you.
It was a scroll of silence.
Found a scale mail.
An orc comes into view. It is wielding a +0 trident.
You see here 2 metallic brown potions.
An orc is nearby! 2 orcs and an orc priest come into view.
The orc hits you with a +0 trident.
The orc priest calls down the wrath of Beogh upon you.
Beogh smites you!
Ouch! That really hurt!
* * * LOW HITPOINT WARNING * * *
You are too injured to fight recklessly!
You are too injured to fight recklessly!
Unknown command.
The orc barely misses you. The orc attacks as it pursues you!
The orc closely misses you. The orc attacks as it pursues you!
The orc closely misses you.
Things that are here:
a +0 short sword; a kobold corpse The orc attacks as it pursues you!
The orc closely misses you. The orc attacks as it pursues you!
The orc hits you from afar with a +0 trident.
You die...

o.oo.........#
#......# #.!....#
##..[...#
##.....^.#
#..#######
#######.#########
................#
###......o.@...<#
#..####...(....#
... #........# ##
####.##### #.#
#.# #.# #.#


You could see an orc.

Vanquished Creatures
  2 adders (D:2)
  A ribbon worm (D:2)
  2 dart slugs (D:1)
  3 ball pythons
  4 bats
  2 endoplasms (D:2)
  A giant cockroach (D:1)
  A hobgoblin (D:1)
  5 kobolds
  A quokka (D:1)
  3 frilled lizards
  6 goblins
  3 rats
34 creatures vanquished.

Notes
Turn   | Place    | Note
-------+----------+-------------------------------------------
     0 | D:1      | hawla the Felid Enchanter began the quest for the Orb.
     0 | D:1      | Reached XP level 1. HP: 9/9 MP: 4/4
   150 | D:1      | Reached XP level 2. HP: 13/13 MP: 6/6
   770 | D:2      | Reached XP level 3. HP: 9/16 MP: 7/7
   989 | D:2      | Identified the +0 robe "Nisoam" {MP+9 Int+4}
  1090 | D:2      | Frozen to death by an endoplasm
  1090 | D:2      | Lost a life (0 lives remaining)
  1524 | D:3      | Slain by an orc

Illustrated notes

Levels and vault maps discovered:
D:1:      nicolae_arrival_somewhat_less_tricky_arrival, layout_basic
D:2:      layout_basic, grunt_decor_fettered, eino_curves_02, nicolae_titane
D:3:      layout_rooms, minmay_quantized, uniq_grinder, uniq_jessica

Skill      XL: |  1  2  3 |
---------------+----------+-----
Unarmed Combat | 2 3 |  3.4
Dodging        | |  2.8
Stealth        | |  4.1
Spellcasting   | |  2.1
Hexes          | |  4.5

Action                     || total
---------------------------++-------
  Melee: Unarmed           ||   134
         Bite              ||    10
         Punch             ||     3
    Use: Scroll            ||     5
   Stab: Sleeping          ||    10
 Armour: Skin              ||    45
  Dodge: Dodged            ||   121
